AoeStats
← joycebb96

Arabia

510084809Analyzed
2v2 RM · 2d ago on Sep 29, 2026· 51m 1s· 4 players
Game mode
Random Map
Map size
Medium (4 player)
Population
200
Speed
Normal
Resources
Standard
Victory
Conquest
Starting age
Dark Age
Ending age
Imperial Age
RankedLock teamsTeams togetherTeam positionsShared explorationLock speedFull tech treeHidden civsTurbo modeCheats
Victory
Defeat
🇭🇰 Khmer · Hong Kong SAR China
1073
+15
🇭🇰 Goths · Hong Kong SAR China
1037
+17
🇧🇷 Ethiopians · Brazil
1065
-16
🇻🇪 Teutons · Venezuela
1054
-16
landaetajesus468
0:28 Loom
10:38 Feudal Age
11:20 Double-Bit Axe
11:16 Horse Collar
23:51 Castle Age
25:18 Bow Saw
25:11 Heavy Plow
25:32 Gold Mining
27:57 Scale Mail Armor
32:29 Forging
34:55 Stone Mining
40:48 Imperial Age
38:56 Wheelbarrow
38:08 Town Watch
40:19 Hand Cart
41:08 Ballistics
42:41 Chemistry
42:01 Heavy Scorpion
42:43 Capped Ram
43:49 Conscription
43:47 Elite Teutonic Knight
48:22 Stone Shaft Mining
.GT
2:50 Loom
10:41 Feudal Age
11:50 Horse Collar
13:35 Double-Bit Axe
21:16 Castle Age
21:17 Crossbowman
22:03 Squires
26:26 Man-at-Arms
28:14 Long Swordsman
30:59 Sanctity
35:02 Wheelbarrow
35:28 Scale Mail Armor
38:01 Gold Mining
38:18 Heavy Plow
41:23 Imperial Age
39:54 Town Watch
41:10 Husbandry
41:33 Hand Cart
41:59 Scale Barding Armor
41:49 Cavalier
44:44 Gold Shaft Mining
45:50 Chain Barding Armor
ROnaLD_G4
8:08 Feudal Age
10:03 Double-Bit Axe
11:03 Horse Collar
13:47 Bloodlines
15:18 Scale Barding Armor
18:23 Gold Mining
20:05 Forging
22:38 Castle Age
23:46 Wheelbarrow
23:56 Bow Saw
26:09 Heavy Plow
29:06 Loom
30:12 Hand Cart
30:45 Gold Shaft Mining
31:21 Town Watch
32:32 Husbandry
34:25 Chain Barding Armor
35:18 Stone Mining
39:50 Imperial Age
38:40 Ballistics
40:20 Stone Shaft Mining
40:08 Devotion
40:33 Cavalier
42:18 Chemistry
41:25 Siege Engineers
42:09 Plate Barding Armor
42:10 Iron Casting
43:05 Double Crossbow
44:08 Iron Casting
43:24 Fletching
44:21 Heavy Scorpion
45:13 Light Cavalry
45:51 Bodkin Arrow
46:56 Blast Furnace
45:54 Bodkin Arrow
47:50 Town Patrol
joycebb96
9:59 Loom
11:44 Feudal Age
16:24 Castle Age
16:04 Double-Bit Axe
20:23 Man-at-Arms
22:21 Scale Mail Armor
22:20 Long Swordsman
23:39 Chain Mail Armor
23:58 Horse Collar
28:55 Forging
29:58 Anarchy
31:30 Wheelbarrow
34:50 Iron Casting
34:37 Gold Mining
38:58 Imperial Age
38:05 Fletching
39:12 Hand Cart
39:19 Bow Saw
39:18 Heavy Plow
41:17 Blast Furnace
40:10 Two-Handed Swordsman
42:17 Two-Man Saw
42:26 Town Watch
42:37 Champion
47:01 Onager
Connection lost

Rejoining the realm…

Still unreachable

The connection could not be restored.

Session expired

The server has moved on; the page needs a fresh start.